 Dungeon Crawl Stone Soup version 0.21.1-72-gffa868e (webtiles) character file.

81 taaruk the Skirmisher (level 4, -3/41 HPs)
             Began as a Minotaur Berserker on Aug 5, 2018.
             Was a Believer of Trog.
             Slain by an orc warrior
             ... wielding a cursed -1 glaive
              (7 damage)
             ... on level 2 of the Dungeon.
             The game lasted 00:08:31 (780 turns).

taaruk the Skirmisher (Minotaur Berserker)           Turns: 780, Time: 00:08:32

Health: -3/41      AC:  0    Str: 23    XL:     4   Next: 20%
Magic:  3/3        EV: 18    Int:  4    God:    Trog [**....]
Gold:   4          SH:  0    Dex: 14    Spells: 3/3 levels left

rFire    . . .     SeeInvis .   a - +0 spear
rCold    . . .     Gourm    .   (no shield)
rNeg     . . .     Faith    .   (no armour)
rPois    .         Spirit   .   (helmet restricted)
rElec    .         Reflect  .   (no cloak)
rCorr    .         Harm     .   (no gloves)
MR       ++...                  (no boots)
Stlth    ++........             (no amulet)
HPRegen  1.13/turn              (no ring)
MPRegen  0.08/turn              (no ring)

@: agile, berserk cooldown, regenerating, slowed, very slow
A: retaliatory headbutt, horns 2
a: Berserk, Trog's Hand, Burn Spellbooks, Renounce Religion


You were on level 2 of the Dungeon.
You worshipped Trog.
Trog was pleased with you.
You were very hungry.

You visited 1 branch of the dungeon, and saw 2 of its levels.

You collected 4 gold pieces.

Inventory:

Hand Weapons
 a - a +0 spear (weapon)
Armour
 b - a +0 animal skin
 d - a +0 ring mail
Scrolls
 e - 2 scrolls of fear {unknown}
 k - a scroll of amnesia {unknown}
Potions
 g - a potion of haste {unknown}
 h - 2 potions of curing {unknown}
 i - a potion of ambrosia {unknown}
 j - a potion of lignification {unknown}
Comestibles
 c - 3 rations


   Skills:
 + Level 4.7 Fighting
 + Level 4.5 Polearms
 + Level 2.8 Armour
 + Level 3.0 Dodging


You had 3 spell levels left.
You didn't know any spells.

Dungeon Overview and Level Annotations

Branches:
Dungeon (2/15)

Altars:
Ashenzari
Trog
Wu Jian


Innate Abilities, Weirdness & Mutations

You reflexively headbutt those who attack you in melee.
You have a pair of horns on your head.


Message History

You puncture the orc priest! Your headbutt misses the orc priest.
The orc priest is heavily wounded.
The orc priest hits you with a club. The orc barely misses you.
The orc warrior hits you from afar with a glaive!
* * * LOW HITPOINT WARNING * * *
Your skin crawls.
You feel resistant to hostile enchantments.
You are feeling very hungry.
The orc priest mumbles some strange prayers to Beogh against you.
You resist with almost no effort. The orc barely misses you.
You furiously retaliate!
You headbutt the orc. The orc warrior barely misses you.
The orc priest hits you with a club.
* * * LOW HITPOINT WARNING * * *
The hobgoblin hits you.
* * * LOW HITPOINT WARNING * * *
It was a potion of agility.
You feel agile all of a sudden. The orc misses you.
The orc warrior hits you from afar with a glaive!
You die...

..#. ####.######## #<
.#. #.# ...
..#######.######## ...
..##.......##.... ###.##
#.##..........###
#.....##.##.......##.#
.......#..........##..#
......o#.(†......#######
..._.oo@.........# ##_##
......g#.........# 8...8
.......#...##....# .....
#.....##.#.##.##.# ..?..
###.## #.#.......# ...
..####.#####8...8 .#.
.### #.# ##..... # #.#
8..... #.# #.....


You could see an orc warrior, an orc priest, an orc and a hobgoblin.

Vanquished Creatures
  An orc priest (D:2)
  2 oozes (D:1)
  2 leopard geckos (D:1)
  An orc (D:2)
  5 goblins
  2 hobgoblins
  6 jackals (D:1)
  7 kobolds
  2 ball pythons
  5 bats
  3 frilled lizards
  5 rats
41 creatures vanquished.

Notes
Turn   | Place    | Note
-------+----------+-------------------------------------------
     0 | D:1      | taaruk the Minotaur Berserker began the quest for the Orb.
     0 | D:1      | Reached XP level 1. HP: 19/19 MP: 0/0
    62 | D:1      | Reached XP level 2. HP: 18/27 MP: 1/1
   183 | D:1      | HP: 1/27 [leopard gecko (5)]
   251 | D:1      | Reached XP level 3. HP: 7/33 MP: 2/2
   280 | D:1      | Reached ** piety under Trog
   694 | D:2      | Found a shattered altar of Ashenzari.
   694 | D:2      | Found a bloodstained altar of Trog.
   764 | D:2      | Found an ornate altar of the Wu Jian Council.
   772 | D:2      | Reached XP level 4. HP: 35/41 MP: 3/3
   774 | D:2      | Noticed an orc warrior
   779 | D:2      | HP: 2/41 [hobgoblin (2)]
   780 | D:2      | Slain by an orc warrior

Skill      XL: |  1  2  3 |
---------------+----------+-----
Polearms       | 4 |  4.5
Fighting       | 4 |  4.7
Dodging        | 3 |  3.0
Armour         | |  2.8

Action                   |  1- 3 |  4- 6 || total
-------------------------+-------+-------++-------
Melee: Spear             |    79 |     2 ||    81
       Headbutt          |    12 |       ||    12
Invok: Berserk           |     1 |       ||     1
       Trog's Hand       |       |     1 ||     1
  Use: Potion            |       |     1 ||     1
Armor: Animal skin       |     3 |       ||     3
Dodge: Dodged            |    49 |     5 ||    54
